APL (24 & UNDER)
DETROIT DIRTY SNOW @ ATHENS ASSASSINS
09/09/2028
 
TOP OF THE 1ST
Detroit Dirty Snow batting - Pitching for Athens Assassins : RHP José Moreno
Pitching: RHP José Moreno
Batting: SHB Cristián López 0-0: Called Strike
0-1: Foul Ball, location: 2F
0-2: Ball
1-2: Foul Ball, location: 2F
1-2: Ball
2-2: DOUBLE (Line Drive, 89D)
Batting: RHB Cristo Souza 0-0: Foul Ball, location: 2F
0-1: Called Strike
0-2: Foul Ball, location: 2F
0-2: Foul Ball, location: 2F
0-2: Ball
1-2: Fly out, F8 (Flyball, 8RXD)
Runner from 2nd tags up, SAFE at 3rd, no throw
Batting: LHB Félix Costa 0-0: Called Strike
0-1: Ball
1-1: Foul Ball, location: 2F
1-2: Fly out, F8 (Flyball, 8LS)
Batting: LHB Luis Salazar 0-0: Ball
1-0: Ball
2-0: Ball
3-0: Called Strike
3-1: Base on Balls
Batting: RHB Gary Wyatt 0-0: Called Strike
0-1: Swinging Strike
0-2: Ball
1-2: Ball
Passed Ball!
Cristián López scores
Luis Salazar to second
2-2: Foul Ball, location: 2F
2-2: Ball
3-2: Strikes out swinging
Top of the 1st over - 1 run(s), 1 hit(s), 0 error(s), 1 left on base; Detroit 1 - Athens 0
BOTTOM OF THE 1ST
Athens Assassins batting - Pitching for Detroit Dirty Snow : RHP Alberto Bustamante
Pitching: RHP Alberto Bustamante
Batting: RHB Clancy Bradshaw 0-0: Fly out, F6 (Popup, 56D)
Batting: RHB Luis López 0-0: Ground out 6-3 (Groundball, 6)
Batting: LHB José Martínez 0-0: Ball
1-0: Called Strike
1-1: Ball
2-1: Called Strike
2-2: Ground out U3 (Groundball, 34)
Bottom of the 1st over - 0 run(s), 0 hit(s), 0 error(s), 0 left on base; Detroit 1 - Athens 0
TOP OF THE 2ND
Detroit Dirty Snow batting - Pitching for Athens Assassins : RHP José Moreno
Batting: RHB Charlie O'Farrell 0-0: Swinging Strike
0-1: Called Strike
0-2: Foul Ball, location: 2F
0-2: Hit by Pitch
Batting: SHB Alan Garland 0-0: Ball
1-0: SINGLE (Flyball, 6MD)
Charlie O'Farrell to second
Batting: RHB Manuel Flores 0-0: Ball
1-0: Called Strike
1-1: Called Strike
1-2: Fielders Choice at 2nd, 6-4 (Groundball, 6M)
Charlie O'Farrell to third
Batting: RHB Kelsey Scott 0-0: Ball
1-0: Swinging Strike
1-1: Ball
2-1: Ball
3-1: Base on Balls
Manuel Flores to second
Batting: SHB Cristián López 0-0: Ball
1-0: Fly out, F8 (Flyball, 8LD)
Runner from 3rd tags up, SCORES, no throw
Batting: RHB Cristo Souza 0-0: Fly out, F6 (Popup, 6D)
Top of the 2nd over - 1 run(s), 1 hit(s), 0 error(s), 2 left on base; Detroit 2 - Athens 0
BOTTOM OF THE 2ND
Athens Assassins batting - Pitching for Detroit Dirty Snow : RHP Alberto Bustamante
Batting: LHB Xavier Smith 0-0: Ground out 4-3 (Groundball, 4)
Batting: RHB Maximino Abbado 0-0: Called Strike
0-1: Called Strike
0-2: Foul Ball, location: 2F
0-2: Foul Ball, location: 2F
0-2: Foul Ball, location: 2F
0-2: Fly out, F9 (Flyball, 9S)
Batting: RHB Jorge Loanos 0-0: Ball
1-0: Ball
2-0: Called Strike
2-1: Ball
3-1: Base on Balls
Batting: LHB Roy Woods 0-0: Called Strike
0-1: Ball
1-1: Ball
2-1: Ball
3-1: Swinging Strike
3-2: Base on Balls
Jorge Loanos to second
Batting: RHB Júlio Castillo 0-0: Ball
1-0: Ground out 6-3 (Groundball, 56)
Bottom of the 2nd over - 0 run(s), 0 hit(s), 0 error(s), 2 left on base; Detroit 2 - Athens 0
TOP OF THE 3RD
Detroit Dirty Snow batting - Pitching for Athens Assassins : RHP José Moreno
Batting: LHB Félix Costa 0-0: Ball
1-0: Ball
2-0: Called Strike
2-1: Foul Ball, location: 2F
2-2: SINGLE (Groundball, 56D)
Batting: LHB Luis Salazar 0-0: Foul Ball, location: 2F
0-1: SINGLE (Line Drive, 4M)
Félix Costa to second
Batting: RHB Gary Wyatt 0-0: Called Strike
0-1: Ball
1-1: Ball
2-1: Ball
3-1: Swinging Strike
3-2: Base on Balls
Félix Costa to third
Luis Salazar to second
Batting: RHB Charlie O'Farrell 0-0: Ball
1-0: Ball
2-0: Called Strike
2-1: Ball
3-1: Foul Ball, location: 2F
3-2: SINGLE (Flyball, 9S)
Félix Costa scores
Luis Salazar to third
Gary Wyatt to second
Batting: SHB Alan Garland 0-0: Called Strike
0-1: Swinging Strike
0-2: Ball
1-2: Ball
2-2: Ball
3-2: Fly out, F9 (Flyball, 9)
Runner from 3rd tags up, SCORES, no throw
Batting: RHB Manuel Flores 0-0: Fly out, F9 (Flyball, 9)
Batting: RHB Kelsey Scott 0-0: Ball
1-0: Ball
2-0: Ball
3-0: Called Strike
3-1: Base on Balls
Gary Wyatt to third
Charlie O'Farrell to second
Batting: SHB Cristián López 0-0: Called Strike
0-1: Fielders Choice at 2nd, 5-4 (Groundball, 5)
Top of the 3rd over - 2 run(s), 3 hit(s), 0 error(s), 2 left on base; Detroit 4 - Athens 0
BOTTOM OF THE 3RD
Athens Assassins batting - Pitching for Detroit Dirty Snow : RHP Alberto Bustamante
Batting: RHB Kiyonaga Ogawa 0-0: Ball
1-0: Foul Ball, location: 2F
1-1: Swinging Strike
1-2: SINGLE (Line Drive, 5D)
Batting: RHB Clancy Bradshaw 0-0: Ball
1-0: Foul Ball, location: 2F
1-1: Ball
2-1: Called Strike
2-2: Ground out 6-3 (Groundball, 4MD)
Kiyonaga Ogawa to second
Batting: RHB Luis López 0-0: Swinging Strike
0-1: Ball
1-1: Ball
Kiyonaga Ogawa steals 3rd base
2-1: Ground out 6-3 (Groundball, 6)
Kiyonaga Ogawa scores
Batting: LHB José Martínez 0-0: Called Strike
0-1: Ground out 4-3 (Groundball, 4)
Bottom of the 3rd over - 1 run(s), 1 hit(s), 0 error(s), 0 left on base; Detroit 4 - Athens 1
TOP OF THE 4TH
Detroit Dirty Snow batting - Pitching for Athens Assassins : RHP José Moreno
Batting: RHB Cristo Souza 0-0: Ball
1-0: Fly out, F8 (Flyball, 8RS)
Batting: LHB Félix Costa 0-0: Called Strike
0-1: Ball
1-1: Foul Ball, location: 2F
1-2: Ball
2-2: Strikes out looking
Batting: LHB Luis Salazar 0-0: Ball
1-0: Ground out 5-3 (Groundball, 56)
Top of the 4th over - 0 run(s), 0 hit(s), 0 error(s), 0 left on base; Detroit 4 - Athens 1
BOTTOM OF THE 4TH
Athens Assassins batting - Pitching for Detroit Dirty Snow : RHP Alberto Bustamante
Batting: LHB Xavier Smith 0-0: Ball
1-0: Ball
2-0: Ball
3-0: Called Strike
3-1: Foul Ball, location: 2F
3-2: DOUBLE (Groundball, 3L)
Batting: RHB Maximino Abbado 0-0: Ball
1-0: Ball
2-0: Ball
3-0: Base on Balls
Batting: RHB Jorge Loanos 0-0: Ball
1-0: Foul Ball, location: 2F
1-1: Foul Ball, location: 2F
1-2: Ball
2-2: Foul Ball, location: 2F
2-2: Foul Ball, location: 2F
2-2: Foul Ball, location: 2F
2-2: Hit by Pitch
Xavier Smith to third
Maximino Abbado to second
Batting: LHB Roy Woods 0-0: Swinging Strike
0-1: Ball
1-1: Ball
2-1: Ball
3-1: Base on Balls
Xavier Smith scores
Maximino Abbado to third
Jorge Loanos to second
Batting: RHB Júlio Castillo 0-0: Ball
1-0: Ball
2-0: Fielders Choice at 2nd, 6-4 (Groundball, 6)
Maximino Abbado scores
Jorge Loanos to third
Batting: RHB Kiyonaga Ogawa 0-0: Called Strike
0-1: Ball
1-1: Foul Ball, location: 2F
1-2: Ground out 1-3 (Groundball, P)
Júlio Castillo to second
Batting: RHB Clancy Bradshaw 0-0: Ball
1-0: Foul Ball, location: 2F
1-1: Foul Ball, location: 2F
1-2: Ball
2-2: Fly out, F3 (Popup, 3L)
Bottom of the 4th over - 2 run(s), 1 hit(s), 0 error(s), 2 left on base; Detroit 4 - Athens 3
TOP OF THE 5TH
Detroit Dirty Snow batting - Pitching for Athens Assassins : RHP José Moreno
Pitching: RHP Cisco López
Batting: RHB Gary Wyatt 0-0: Swinging Strike
0-1: Foul Ball, location: 2F
0-2: Foul Ball, location: 2F
0-2: Foul Ball, location: 2F
0-2: Foul Ball, location: 2F
0-2: Strikes out swinging
Batting: RHB Charlie O'Farrell 0-0: Swinging Strike
0-1: Foul Ball, location: 2F
0-2: Foul Ball, location: 2F
0-2: Foul Ball, location: 2F
0-2: Foul Ball, location: 2F
0-2: Ground out 1-3 (Groundball, P)
Batting: SHB Alan Garland 0-0: Swinging Strike
0-1: Foul Ball, location: 2F
0-2: Ball
1-2: Foul Ball, location: 2F
1-2: Ball
2-2: SINGLE (Line Drive, 6MD)
Batting: RHB Manuel Flores 0-0: Called Strike
0-1: Swinging Strike
0-2: Strikes out swinging
Top of the 5th over - 0 run(s), 1 hit(s), 0 error(s), 1 left on base; Detroit 4 - Athens 3
BOTTOM OF THE 5TH
Athens Assassins batting - Pitching for Detroit Dirty Snow : RHP Alberto Bustamante
Batting: RHB Luis López 0-0: Called Strike
0-1: Ball
1-1: Ball
2-1: Swinging Strike
2-2: Ball
3-2: Strikes out swinging
Batting: LHB José Martínez 0-0: Ball
1-0: Ball
2-0: Swinging Strike
2-1: Foul Ball, location: 2F
2-2: Foul Ball, location: 2F
2-2: Foul Ball, location: 2F
2-2: Ball
3-2: Foul Ball, location: 2F
3-2: Base on Balls
Pitching: RHP Fernando Barrón
Batting: LHB Xavier Smith 0-0: Ball
1-0: Fly out, F5 (Popup, 56S)
Batting: RHB Maximino Abbado 0-0: Called Strike
0-1: Swinging Strike
0-2: Ball
1-2: Ball
2-2: Strikes out swinging
Bottom of the 5th over - 0 run(s), 0 hit(s), 0 error(s), 1 left on base; Detroit 4 - Athens 3
TOP OF THE 6TH
Detroit Dirty Snow batting - Pitching for Athens Assassins : RHP Cisco López
Batting: RHB Kelsey Scott 0-0: Swinging Strike
0-1: Foul Ball, location: 2F
0-2: Foul Ball, location: 2F
0-2: Ball
1-2: Ball
2-2: Strikes out swinging
Batting: SHB Cristián López 0-0: Ground out 6-3 (Groundball, 6M)
Batting: RHB Cristo Souza 0-0: Called Strike
0-1: SINGLE (Groundball, 6MD)
Batting: LHB Félix Costa 0-0: Foul Ball, location: 2F
0-1: Fly out, F8 (Flyball, 8LS)
Top of the 6th over - 0 run(s), 1 hit(s), 0 error(s), 1 left on base; Detroit 4 - Athens 3
BOTTOM OF THE 6TH
Athens Assassins batting - Pitching for Detroit Dirty Snow : RHP Fernando Barrón
Batting: RHB Jorge Loanos 0-0: Ball
1-0: Swinging Strike
1-1: Ground out 6-3 (Groundball, 6)
Batting: LHB Roy Woods 0-0: Called Strike
0-1: Ball
1-1: Ball
2-1: Ball
3-1: Ground out U3 (Groundball, 34S)
Batting: RHB Júlio Castillo 0-0: Fly out, F2 (Popup, 25)
Bottom of the 6th over - 0 run(s), 0 hit(s), 0 error(s), 0 left on base; Detroit 4 - Athens 3
TOP OF THE 7TH
Detroit Dirty Snow batting - Pitching for Athens Assassins : RHP Cisco López
Batting: LHB Luis Salazar 0-0: Called Strike
0-1: Called Strike
0-2: Ground out 4-3 (Groundball, 4)
Batting: RHB Gary Wyatt 0-0: Ball
1-0: Called Strike
1-1: Foul Ball, location: 2F
1-2: SINGLE (Line Drive, 34D)
Batting: RHB Charlie O'Farrell 0-0: Called Strike
0-1: Foul Ball, location: 2F
0-2: Ball
Wild Pitch!
Gary Wyatt to second
1-2: Fly out, F8 (Flyball, 8RD)
Runner from 2nd tags up, SAFE at 3rd, no throw
Batting: SHB Alan Garland 0-0: Called Strike
0-1: Ground out 4-3 (Groundball, 4)
Top of the 7th over - 0 run(s), 1 hit(s), 0 error(s), 1 left on base; Detroit 4 - Athens 3
BOTTOM OF THE 7TH
Athens Assassins batting - Pitching for Detroit Dirty Snow : RHP Fernando Barrón
Batting: RHB Kiyonaga Ogawa 0-0: Ball
1-0: Ball
2-0: Ball
3-0: Foul Ball, location: 2F
3-1: Base on Balls
Pinch Hitting: RHB Foster Hapgood 0-0: Ball
1-0: Sac Bunt - play at first, batter OUT! 5-3
Kiyonaga Ogawa to second
Batting: RHB Luis López 0-0: Called Strike
0-1: Ball
1-1: Swinging Strike
1-2: Ball
2-2: Ball
3-2: Foul Ball, location: 2F
3-2: Base on Balls
Batting: LHB José Martínez 0-0: Swinging Strike
0-1: Grounds into double play, 4-6-3 (Groundball, 4)
Bottom of the 7th over - 0 run(s), 0 hit(s), 0 error(s), 1 left on base; Detroit 4 - Athens 3
TOP OF THE 8TH
Detroit Dirty Snow batting - Pitching for Athens Assassins : RHP Cisco López
Now at SS: Alfonso Flores
Batting: RHB Manuel Flores 0-0: Foul Ball, location: 2F
0-1: Foul Ball, location: 2F
0-2: Fly out, F8 (Flyball, 8LS)
Batting: RHB Kelsey Scott 0-0: Ball
1-0: Ball
2-0: Called Strike
2-1: Ball
3-1: Base on Balls
Batting: SHB Cristián López 0-0: Swinging Strike
0-1: Foul Ball, location: 2F
0-2: Ball
1-2: Ball
2-2: Fly out, F8 (Line Drive, 8LD)
Pitching: RHP Ramiro Sierra
Batting: RHB Cristo Souza 0-0: Called Strike
0-1: Ball
1-1: Fielders Choice at 2nd, 5-4 (Groundball, 5L)
Top of the 8th over - 0 run(s), 0 hit(s), 0 error(s), 0 left on base; Detroit 4 - Athens 3
BOTTOM OF THE 8TH
Athens Assassins batting - Pitching for Detroit Dirty Snow : RHP Fernando Barrón
Batting: LHB Xavier Smith 0-0: Ball
1-0: Fly out, F4 (Line Drive, 4)
Pitching: RHP Vaughan Horne
Batting: RHB Maximino Abbado 0-0: Foul Ball, location: 2F
0-1: Called Strike
0-2: Strikes out swinging
Batting: RHB Jorge Loanos 0-0: Swinging Strike
0-1: Foul Ball, location: 2F
0-2: SINGLE (Flyball, 89M)
Batting: LHB Roy Woods 0-0: Ball
1-0: Foul Ball, location: 2F
1-1: Ball
2-1: Swinging Strike
2-2: Ball
3-2: Fly out, F8 (Flyball, 8RM)
Bottom of the 8th over - 0 run(s), 1 hit(s), 0 error(s), 1 left on base; Detroit 4 - Athens 3
TOP OF THE 9TH
Detroit Dirty Snow batting - Pitching for Athens Assassins : RHP Ramiro Sierra
Batting: LHB Félix Costa 0-0: Foul Ball, location: 2F
0-1: DOUBLE (Line Drive, 78XD)
Batting: LHB Luis Salazar 0-0: Foul Ball, location: 2F
0-1: Foul Ball, location: 2F
0-2: Ball
1-2: Foul Ball, location: 2F
1-2: Foul Ball, location: 2F
1-2: Ball
2-2: Strikes out swinging
Batting: RHB Gary Wyatt 0-0: Called Strike
Félix Costa steals 3rd base
0-1: Ground out 4-3 (Groundball, 4M)
Batting: RHB Charlie O'Farrell 0-0: Called Strike
0-1: Ball
1-1: Swinging Strike
1-2: Ball
2-2: Ball
3-2: SINGLE (Line Drive, 89M)
Félix Costa scores
Batting: SHB Alan Garland 0-0: Called Strike
0-1: Swinging Strike
0-2: Strikes out swinging
Top of the 9th over - 1 run(s), 2 hit(s), 0 error(s), 1 left on base; Detroit 5 - Athens 3
BOTTOM OF THE 9TH
Athens Assassins batting - Pitching for Detroit Dirty Snow : RHP Vaughan Horne
Pitching: RHP José Rocha
Batting: RHB Júlio Castillo 0-0: Ball
1-0: Foul Ball, location: 2F
1-1: Swinging Strike
1-2: Strikes out swinging
Batting: RHB Kiyonaga Ogawa 0-0: Called Strike
0-1: Ball
1-1: Ball
2-1: Ball
3-1: Base on Balls
Pinch Hitting: LHB Brian Turner 0-0: Ball
1-0: Fly out, F7 (Flyball, 78M)
Batting: RHB Luis López 0-0: Foul Ball, location: 2F
0-1: Ball
Pickoff Throw to First - Error! E1
Kiyonaga Ogawa to second
1-1: Ball
2-1: Fly out, F7 (Flyball, 7S)
Bottom of the 9th over - 0 run(s), 0 hit(s), 1 error(s), 1 left on base; Detroit 5 - Athens 3
Tuesday, August 8th, 2017 - OOTP Baseball 17.12 Build 75